 Dungeon Crawl Stone Soup version 0.27.1-3-gb3d3a73c9e (webtiles) character file.

Game seed: 13938855664002515683

119 Jawa73 the Sneak (level 5, -5/37 HPs)
             Began as an Octopode Delver on Oct 21, 2021.
             Slain by a phantom (7 damage)
             ... on level 4 of the Dungeon.
             The game lasted 00:03:39 (956 turns).

Jawa73 the Sneak (Octopode Delver)                   Turns: 956, Time: 00:03:39

Health: -5/37      AC:  1    Str: 12    XL:     5   Next: 3%
Magic:  6/7        EV: 13    Int: 11    God:
Gold:   28         SH:  0    Dex: 11    Spells: 6/7 levels left

rFire    + . .     SeeInvis .   a - +0 spear
rCold    . . .     Faith    .   (no shield)
rNeg     . . .     Spirit   .   (helmet restricted)
rPois    .         Reflect  .   (no amulet)
rElec    .         Harm     .   (no ring)
rCorr    .         Rampage  .   (no ring)
Will     .....                  (no ring)
Stlth    ++++......             (no ring)
HPRegen  0.12/turn              (no ring)
MPRegen  0.10/turn              (no ring)
                                (no ring)
                                (no ring)

@: no status effects
A: almost no armour, amphibious, 8 rings, camouflage 1, gelatinous body 1,
(nimble swimmer 1), tentacles, clumsy 1, dopey 1, fire resistance 1, mutation
resistance 1
a: no special abilities


You were on level 4 of the Dungeon.
You visited 1 branch of the dungeon, and saw 2 of its levels.

You collected 28 gold pieces.

Inventory:

Hand Weapons
 a - a +0 spear (weapon)
Missiles
 d - 22 stones (quivered)
Wands
 c - a wand of iceblast (6)
 f - a wand of digging (3)
Potions
 e - a potion of haste


   Skills:
 * Level 4.0 Fighting
 * Level 2.9 Polearms
 * Level 2.8 Dodging
 - Level 6.6 Stealth
 * Level 1.7 Spellcasting


You had 6 spell levels left.
You knew the following spells:

 Your Spells              Type           Power      Damage    Failure   Level
a - Sandblast             Erth           0%         2d4       30%         1

Your spell library contained the following spells:

 Spells                   Type           Power      Damage    Failure   Level
 Passwall                 Tmut/Erth      0%         N/A       41%         2
 Lee's Rapid Deconstruct  Erth           0%         3d5*      100%        5


Dungeon Overview and Level Annotations

Branches:
Dungeon (5/15)             Temple (0/1) D:5

Altars:

Shops:
D:4 [   D:5 **


Innate Abilities, Weirdness & Mutations

You cannot wear most types of armour.
You are amphibious.
You can wear up to eight rings at the same time.
Your skin changes colour to match your surroundings (Stealth+).
Your rubbery body absorbs attacks. (AC +1, EV +1)
((You are camouflaged near water. (Stealth+)))
You have tentacles for arms and can constrict up to eight enemies at once.
You are clumsy. (Dex -2)
You are dopey. (Int -2)
Your flesh is heat resistant. (rF+)
You are somewhat resistant to further mutation.


Message History

d - 22 stones The phantom hits you!
You barely miss the phantom.
The phantom is heavily damaged.
The phantom hits you.
You closely miss the phantom.
The phantom is heavily damaged.
The phantom misses you.
You completely miss the phantom.
The phantom is heavily damaged.
The phantom completely misses you.
You hit the phantom. You squeeze the phantom.
The phantom is severely damaged.
The phantom hits you.
The phantom blinks!
You blink.
You barely miss the phantom.
You squeeze the phantom, but do no damage.
The phantom is severely damaged.
The phantom barely misses you.
Your magical contamination has completely faded away.
You barely miss the phantom.
The phantom is severely damaged.
You barely miss the phantom.
The phantom is severely damaged.
The phantom hits you.
The phantom blinks!
You blink.
You hit the phantom but do no damage.
The phantom is severely damaged.
The phantom hits you.
You completely miss the phantom.
The phantom is severely damaged.
The phantom hits you.
* * * LOW HITPOINT WARNING * * *
The phantom blinks!
You blink.
You barely miss the phantom.
The phantom is severely damaged.
The phantom hits you!
* * * LOW HITPOINT WARNING * * *
Okay, then.
As you read the scroll of fog, it crumbles to dust.
The scroll dissolves into smoke.
The phantom hits you!
You die...

#.# #.#
#.# #.###
#...#
#.#.#
####'####
#..§§§..#
#.♣§@W♣.#
#..§§§..#
#.§.§§..#
#...§...#
#.♣§..♣$#
#.......#
####+####


You could see a phantom.

Vanquished Creatures
  A scorpion (D:5)
  A howler monkey (D:5)
  An orc wizard (D:5)
  An orc (D:5)
  A jackal (D:4)
5 creatures vanquished.

Notes
Turn   | Place    | Note
-------+----------+-------------------------------------------
     0 | D:5      | Jawa73 the Octopode Delver began the quest for the Orb.
     0 | D:5      | Reached XP level 1. HP: 16/16 MP: 1/1
    11 | D:5      | Noticed a scorpion
    23 | D:5      | Gained mutation: You are dopey. (Int -2) [potion of
                  | mutation]
    23 | D:5      | Gained mutation: Your flesh is heat resistant. (rF+)
                  | [potion of mutation]
    23 | D:5      | Gained mutation: You are clumsy. (Dex -2) [potion of
                  | mutation]
    23 | D:5      | Gained mutation: You are somewhat resistant to further
                  | mutation. [potion of mutation]
   281 | D:5      | Found Cyhor's General Store.
   613 | D:4      | Noticed a howler monkey
   619 | D:5      | Killed a howler monkey
   620 | D:5      | Reached skill level 1 in Spellcasting
   620 | D:5      | Reached XP level 2. HP: 15/21 MP: 1/3
   620 | D:5      | Reached XP level 3. HP: 19/26 MP: 1/4
   624 | D:5      | Killed a scorpion
   625 | D:5      | Reached XP level 4. HP: 25/33 MP: 1/6
   787 | D:4      | Noticed a scorpion
   791 | D:5      | Found Quhaiso's General Store.
   802 | D:5      | Reached XP level 5. HP: 35/37 MP: 7/7
   819 | D:5      | Learned a level 1 spell: Sandblast
   932 | D:4      | Found Zifuecra's Armour Shop.
   932 | D:4      | Noticed a phantom
   956 | D:4      | Slain by a phantom

Illustrated notes

Levels and vault maps discovered:
D:4:      layout_basic, kennysheep_small_square, uniq_edmund
D:5:      layout_gridville, minmay_temple_entry_poolview, serial_shops,
          nicolae_shop_trees, shop, shop_fountains,
          nicolae_shop_window_shopping, nicolae_shop_trees,
          minmay_divided_ellipse

Skill      XL: |  1  2  3  4 |
---------------+-------------+-----
Spellcasting   | 1 |  1.7
Fighting       | 4 |  4.0
Polearms       | |  2.9
Dodging        | |  2.8
Stealth        | |  6.6

Action                   |  1- 3 |  4- 6 || total
-------------------------+-------+-------++-------
Melee: Spear             |     7 |    26 ||    33
       Tentacles         |     3 |     2 ||     5
       Constrict         |     2 |     3 ||     5
 Cast: Sandblast         |       |     1 ||     1
Evoke: Wand              |     1 |       ||     1
  Use: Scroll            |     3 |     1 ||     4
       Potion            |     1 |       ||     1
 Stab: Sleeping          |       |     1 ||     1
Dodge: Dodged            |     5 |    11 ||    16
